 Dungeon Sprint DCSS version 0.28-a0-872-g80cf8599ee (webtiles) character file.

Game seed: 2886742540307105407

10686 mhtbhm the Bludgeoner (level 11, -16/116 HPs)
             Began as a Minotaur Fighter on Nov 20, 2021.
             Was the Champion of Okawaru.
             Demolished by an orc knight (20 damage)
             ... in the Dungeon (Sprint IX: "|||||||||||||||||||||||||||||").
             The game lasted 00:04:42 (3019 turns).

mhtbhm the Bludgeoner (Minotaur Fighter)            Turns: 3019, Time: 00:04:43

Health: -16/116    AC: 21    Str: 24    XL:     11   Next: 39%
Magic:  10/10      EV: 10    Int: 11    God:    Okawaru [******]
Gold:   1276       SH:  7    Dex: 10    Spells: 10/10 levels left

rFire   + . .      SeeInvis +   a - +0 flail
rCold   . . .      Faith    .   c - +0 buckler
rNeg    . . .      Spirit   .   b - +0 chain mail {rF+}
rPois   .          Reflect  .   u - +2 hat {SInv}
rElec   .          Harm     .   m - +0 cloak
rCorr   .          Rampage  .   v - +0 pair of gloves
Will    .....      NoTele   +   n - +0 pair of boots
Stlth   ..........              (no amulet)
HPRegen 0.29/turn               p - +3 ring of intelligence
MPRegen 0.12/turn               q - +3 ring of intelligence

@: no status effects
A: horns 2, retaliatory headbutt
a: Renounce Religion, Heroism, Finesse


You were in the Dungeon.
You worshipped Okawaru.
Okawaru was exalted by your worship.
You visited 1 branch You collected 1276 gold pieces.

Inventory:

Hand Weapons
 a - a +0 flail (weapon)
 l - a +3 great mace of holy wrath
Armour
 b - a +0 chain mail of fire resistance (worn)
 c - a +0 buckler (worn)
 m - a +0 cloak (worn)
 n - a +0 pair of boots (worn)
 o - a +1 chain mail
 u - a +2 hat of see invisible (worn)
 v - a +0 pair of gloves (worn)
Jewellery
 p - a +3 ring of intelligence (left hand)
 q - a +3 ring of intelligence (right hand)
Scrolls
 i - 3 scrolls of identify
 j - 2 scrolls of blinking
 k - 2 scrolls of amnesia
 r - 2 scrolls of enchant weapon
 s - a scroll of fear
 t - 2 scrolls of enchant armour
Potions
 d - 2 potions of haste
 e - 6 potions of curing
 f - a potion of heal wounds
 g - 3 potions of berserk rage
 h - 4 potions of magic


   Skills:
 + Level 16.6 Fighting
 + Level 19.0 Maces & Flails
 + Level 17.5 Armour
 + Level 5.5 Dodging
 + Level 3.9 Stealth
 + Level 12.8 Shields
 + Level 3.2 Evocations


You had 10 spell levels left.
You didn't know any spells.
Your spell library was empty.

Dungeon Overview and Level Annotations

Branches:
Dungeon (1/1)

Altars:
Cheibriados
Dithmenos
Elyvilon
Fedhas
Gozag
Hepliaklqana
Kikubaaqudgha
Makhleb
Nemelex Xobeh
Okawaru
Qazlal
Ru
Sif Muna
Trog
Uskayaw
Vehumet
Wu Jian
Xom
Yredelemnul
Zin
The Shining One
Beogh
Jiyva
Lugonu

Shops:
D *


Innate Abilities, Weirdness & Mutations

You have a pair of horns on your head.
You reflexively headbutt those who attack you in melee.


Message History

The orc knight hits you with a +0 great mace!
You are too injured to fight recklessly!
You are too injured to fight recklessly!
You are too injured to fight recklessly!
You are too injured to fight recklessly!
You are too injured to fight recklessly!
You are too injured to fight recklessly!
You are too injured to fight recklessly!
You are too injured to fight recklessly!
You are too injured to fight recklessly!
You are too injured to fight recklessly!
You are too injured to fight recklessly!
You are too injured to fight recklessly!
You barely miss the orc knight.
The orc knight is heavily wounded.
The orc knight closely misses you.
You hit the orc knight. You headbutt the orc knight!
The orc knight is severely wounded.
You closely miss the orc knight.
You headbutt the orc knight, but do no damage.
The orc knight is severely wounded.
The orc knight hits you but does no damage.
You closely miss the orc knight. You headbutt the orc knight!
The orc knight is severely wounded.
The orc knight hits you with a +0 great mace!
You completely miss the orc knight.
The orc knight is severely wounded.
You completely miss the orc knight.
The orc knight is severely wounded.
The orc knight hits you with a +0 great mace!!
* * * LOW HITPOINT WARNING * * *
You closely miss the orc knight.
The orc knight is severely wounded.
The orc knight hits you with a +0 great mace!
* * * LOW HITPOINT WARNING * * *
You barely miss the orc knight.
You headbutt the orc knight, but do no damage.
The orc knight is severely wounded.
The orc knight hits you with a +0 great mace!!
You die...

▓▓▓▓▓▓▓▓▓▓▓▓▓▓▓▓▓▓▓▓▓▓▓▓▓▓▓▓▓▓▓▓▓
....o..o))))o.....))))).o)).....o
▓▓▓▓▓▓▓▓▓▓▓▓▓▓▓▓▓▓▓▓▓▓▓▓▓▓▓▓▓▓▓▓▓
........).......@o...........)...
▓▓▓▓▓▓▓▓▓▓▓▓▓▓▓▓▓▓▓▓▓▓▓▓▓▓▓▓▓▓▓▓▓
........'.........†.............'
▓▓▓▓▓▓▓▓▓▓▓▓▓▓▓▓▓▓▓▓▓▓▓▓▓▓▓▓▓▓▓▓▓
.................................
▓▓▓▓▓▓▓▓▓▓▓▓▓▓▓▓▓▓▓▓▓▓▓▓▓▓▓▓▓▓▓▓▓
_______________________'....†'...
▓▓▓▓▓▓▓▓▓▓▓▓▓▓▓▓▓▓▓▓▓▓▓▓▓▓▓▓▓▓▓▓▓


You could see an orc knight.

Vanquished Creatures
  Erica (D)
  A centaur warrior (D)
  A two-headed ogre (D)
  3 orc knights (D)
  2 cyclopes (D)
  8 elephants (D)
  A rime drake (D)
  3 komodo dragons (D)
  A dream sheep (D)
  A wraith (D)
  Eustachio (D)
  3 yaks (D)
  A wyvern (D)
  A vampire mosquito (D)
  An acid dragon (D)
  3 water moccasins (D)
  9 orc warriors (D)
  A wolf (D)
  7 bullfrogs (D)
  A scorpion (D)
  A howler monkey (D)
  An orc priest (D)
  A hound (D)
  A jelly (D)
  6 orc wizards (D)
  A worm (D)
  8 orcs (D)
  A ball python (D)
  A bat (D)
  A bat zombie (D)
  A hobgoblin (D)
  A jackal zombie (D)
  A quokka zombie (D)
  2 rats (D)
77 creatures vanquished.

Notes
Turn   | Place    | Note
-------+----------+-------------------------------------------
     0 | D        | mhtbhm the Minotaur Fighter began the quest for the Orb.
     0 | D        | Reached XP level 1. HP: 19/19 MP: 0/0
    17 | D        | Noticed a hound
    17 | D        | Noticed a scorpion
    17 | D        | Noticed a jelly
    19 | D        | Killed a jelly
    20 | D        | Reached skill level 5 in Fighting
    20 | D        | Reached skill level 3 in Maces & Flails
    20 | D        | Reached skill level 5 in Armour
    20 | D        | Reached skill level 5 in Shields
    20 | D        | Reached XP level 2. HP: 29/29 MP: 1/1
    20 | D        | Reached XP level 3. HP: 36/36 MP: 2/2
    27 | D        | Killed a scorpion
    28 | D        | Reached skill level 4 in Maces & Flails
    28 | D        | Reached XP level 4. HP: 34/45 MP: 3/3
    38 | D        | Found a snail-covered altar of Cheibriados.
    38 | D        | Found a shadowy altar of Dithmenos.
    38 | D        | Found a white marble altar of Elyvilon.
    38 | D        | Found a blossoming altar of Fedhas.
    38 | D        | Found an opulent altar of Gozag.
    39 | D        | Found a hazy altar of Hepliaklqana.
    40 | D        | Found a viscous altar of Jiyva.
    41 | D        | Found an ancient bone altar of Kikubaaqudgha.
    42 | D        | Found a corrupted altar of Lugonu.
    43 | D        | Found a burning altar of Makhleb.
    44 | D        | Found a sparkling altar of Nemelex Xobeh.
    45 | D        | Found an iron altar of Okawaru.
    46 | D        | Found a stormy altar of Qazlal.
    47 | D        | Found a sacrificial altar of Ru.
    48 | D        | Found a shimmering blue altar of Sif Muna.
    49 | D        | Found a bloodstained altar of Trog.
    50 | D        | Found a hide-covered altar of Uskayaw.
    53 | D        | Found a radiant altar of Vehumet.
    54 | D        | Found an ornate altar of the Wu Jian Council.
    55 | D        | Found a shimmering altar of Xom.
    56 | D        | Found a basalt altar of Yredelemnul.
    57 | D        | Found a glowing silver altar of Zin.
    58 | D        | Found a glowing golden altar of the Shining One.
   115 | D        | Became a worshipper of Warmaster Okawaru
   369 | D        | Noticed a wraith
   369 | D        | Noticed a yak
   369 | D        | Noticed a yak
   380 | D        | Killed a yak
   381 | D        | Reached skill level 6 in Maces & Flails
   381 | D        | Reached skill level 1 in Dodging
   381 | D        | Reached XP level 5. HP: 38/56 MP: 4/4
   381 | D        | Reached XP level 6. HP: 42/62 MP: 5/5
   388 | D        | Killed a yak
   388 | D        | Reached * piety under Okawaru
   389 | D        | Reached skill level 7 in Maces & Flails
   391 | D        | Reached skill level 8 in Maces & Flails
   391 | D        | Reached skill level 10 in Armour
   397 | D        | Killed a wraith
   398 | D        | Reached skill level 10 in Fighting
   398 | D        | Reached skill level 9 in Maces & Flails
   398 | D        | Reached skill level 10 in Shields
   398 | D        | Reached XP level 7. HP: 36/72 MP: 6/6
   559 | D        | Noticed a cyclops
   559 | D        | Noticed a cyclops
   559 | D        | Noticed a two-headed ogre
   559 | D        | Noticed a vampire mosquito
   559 | D        | Noticed a centaur warrior
   567 | D        | Killed a centaur warrior
   567 | D        | Reached ** piety under Okawaru
   567 | D        | Reached *** piety under Okawaru
   568 | D        | Reached skill level 11 in Maces & Flails
   568 | D        | Reached skill level 1 in Stealth
   568 | D        | Reached XP level 8. HP: 46/82 MP: 7/7
   572 | D        | Reached skill level 12 in Maces & Flails
   581 | D        | Killed a two-headed ogre
   581 | D        | Reached **** piety under Okawaru
   582 | D        | Reached skill level 13 in Maces & Flails
   582 | D        | Reached XP level 9. HP: 38/90 MP: 8/8
   588 | D        | Killed a cyclops
   589 | D        | Reached skill level 1 in Evocations
   591 | D        | Killed a cyclops
   591 | D        | Reached ***** piety under Okawaru
   592 | D        | Reached skill level 14 in Maces & Flails
   867 | D        | Noticed Erica
   876 | D        | Killed Erica
   877 | D        | Reached skill level 15 in Maces & Flails
  1138 | D        | Noticed a komodo dragon
  1138 | D        | Noticed a komodo dragon
  1151 | D        | Killed a komodo dragon
  1161 | D        | Killed a komodo dragon
  1162 | D        | Reached skill level 16 in Maces & Flails
  1162 | D        | Reached XP level 10. HP: 63/101 MP: 9/9
  1372 | D        | Reached skill level 15 in Armour
  1394 | D        | Reached skill level 17 in Maces & Flails
  1686 | D        | Noticed an elephant
  1686 | D        | Noticed an elephant
  1686 | D        | Noticed an elephant
  1686 | D        | Noticed an elephant
  1686 | D        | Noticed an elephant
  1686 | D        | Noticed an elephant
  1689 | D        | Noticed an elephant
  1693 | D        | Killed an elephant
  1697 | D        | Killed an elephant
  1697 | D        | Received a gift from Okawaru
  1703 | D        | Killed an elephant
  1716 | D        | Killed an elephant
  1725 | D        | Killed an elephant
  1726 | D        | Reached skill level 15 in Fighting
  1726 | D        | Reached skill level 18 in Maces & Flails
  1730 | D        | Killed an elephant
  1730 | D        | Reached ****** piety under Okawaru
  1741 | D        | Killed an elephant
  1741 | D        | Noticed an elephant
  1742 | D        | Reached skill level 5 in Dodging
  1742 | D        | Reached XP level 11. HP: 46/113 MP: 10/10
  2098 | D        | Noticed Eustachio
  2115 | D        | Killed Eustachio
  2297 | D        | Noticed an orc knight
  2328 | D        | Killed an orc knight
  2655 | D        | Found Natt's General Store.
  2655 | D        | Noticed an orc knight
  2655 | D        | Noticed an orc knight
  2655 | D        | Noticed an orc knight
  2656 | D        | Noticed an orc knight
  2799 | D        | Killed an orc knight
  2989 | D        | Killed an orc knight
  2990 | D        | Reached skill level 19 in Maces & Flails
  3018 | D        | HP: 4/116 [orc knight (17)]
  3019 | D        | Demolished by an orc knight

Illustrated notes

Levels and vault maps discovered:
D:        linesprint [early_d, line_temple, items_1, d_10, items_2, lair_1,
          lair_end, items_3, orc_1, orc_end, items_4, d_15, swamp_1, shoals_1,
          snake_1, spider_1, d_20, vaults_1, items_5, swamp_end, shoals_end,
          snake_end, spider_end, vaults_end, d_27, items_6, zot_1, zot_end,
          crypt_end, forest_end, elf_end, slime_end, tomb_end, abyss_end,
          pan_hell_end]

Skill      XL: |  1  2  3  4  5  6  7  8  9 10 11 |
---------------+----------------------------------+-----
Fighting       | 5 6 8 10 11 12 13 15 16 | 16.6
Armour         | 5 6 8 10 11 13 14 16 17 | 17.5
Shields        | 5 6 8 10 11 12 | 12.8
Maces & Flails | 3 4 6 9 11 13 16 18 19 | 19.0
Dodging        | 1 2 3 4 5 |  5.5
Stealth        | 1 3 |  3.9
Evocations     | 2 3 |  3.2

Action                   |  1- 3 |  4- 6 |  7- 9 | 10-12 || total
-------------------------+-------+-------+-------+-------++-------
Melee: Flail             |    15 |    28 |    49 |   253 ||   345
       Headbutt          |     2 |     5 |    12 |    73 ||    92
Evoke: Wand              |       |       |     4 |     6 ||    10
  Use: Potion            |     1 |     2 |     3 |       ||     6
       Scroll            |       |       |       |     1 ||     1
 Stab: Invisible         |       |       |     1 |       ||     1
Armor: Scale mail        |     1 |     3 |       |       ||     4
       Chain mail        |       |     8 |    15 |    62 ||    85
Dodge: Dodged            |     6 |     7 |    14 |    58 ||    85
Block: Buckler           |       |     4 |     5 |    36 ||    45

Table legend: (Time is in decaauts)
 A = Elapsed time spent in this place.
 B = Non-inter-level travel time spent in this place.
 C = Inter-level travel time spent in this place.
 D = Time resting spent in this place.
 E = Time spent auto-exploring this place.
 F = Levels seen in this place.
 G = Mean time per level.
                   A        B        C        D        E       F      G
               +--------+--------+--------+--------+--------+-----+--------+
         Total |   2923 |   2923 |      0 |   1344 |    682 |   1 | 2923.0 |
       Dungeon |   2923 |   2923 |      0 |   1344 |    682 |   1 | 2923.0 |
               +--------+--------+--------+--------+--------+-----+--------+

Top non-repeatable levels by time:
       D: 2923 daAuts
